 Dungeon Crawl Stone Soup version 0.30-a0-948-g4fa250aae5 (webtiles) character file.

Game seed: 17925479013538683696

82749 jlumianski the Fighter (level 15, -10/190 HPs)
             Began as a Demonspawn Fighter on Mar 26, 2023.
             Was the Champion of Qazlal.
             Mangled by Saint Roka
             ... wielding a +2 dire flail of protection
              (19 damage)
             ... on level 1 of the Orcish Mines.
             The game lasted 01:40:30 (21153 turns).

jlumianski the Fighter (Demonspawn Fighter)        Turns: 21153, Time: 01:40:31

Health: -10/190    AC: 31    Str: 29    XL:     15   Next: 30%
Magic:  0/23       EV:  4    Int: 11    God:    Qazlal [******]
Gold:   1798       SH: 31    Dex: 17    Spells: 14/14 levels left

rFire   . . .      SeeInvis .    h - +5 broad axe (flame)
rCold   + . .      Faith    .    n - +0 tower shield
rNeg    + . .      Spirit   +    f - +1 crystal plate armour
rPois   .          Reflect  .    (helmet restricted)
rElec   .          Rampage  .    (cloak unavailable)
rCorr   .                        (no gloves)
Will    +....                    (no boots) Stlth
                                 y - amulet of guardian spirit
HPRegen 0.51/turn                F - +4 ring of slaying
MPRegen 0.18/turn                a - ring "Bofaypp" {rC+ rN+ Str+6 Dex+5}

@: berserking, protected from physical damage, studying 2 skills, repel
missiles, very quick
A: horns 2, icemail 2, condensation shield, demonic magic 3, weakness stinger 3
a: Renounce Religion, Upheaval, Elemental Force, Disaster Area


You were on level 1 of the Orcish Mines.
You worshipped Qazlal.
Qazlal was exalted by your worship.
You visited 4 branches of the dungeon, and saw 23 of its levels.
You also visited: Bailey.

You collected 1798 gold pieces.

Inventory:

Hand Weapons
 h - a +5 broad axe of flaming (weapon)
Missiles
 e - 33 javelins (quivered)
 g - 5 curare-tipped darts
 r - 4 throwing nets
 A - 23 poisoned darts
 J - 6 boomerangs
 Q - 4 boomerangs of dispersal
Armour
 f - a +1 crystal plate armour (worn)
 n - a +0 tower shield (worn)
 L - a +0 pair of boots
Jewellery
 a - the ring "Bofaypp" (right hand) {rC+ rN+ Str+6 Dex+5}
   (You found it on level 5 of the Lair of Beasts)

   [ring of strength]

   Str:       It affects your strength (+6).
   Dex:       It affects your dexterity (+5).
   rC:        It protects you from cold.
   rN:        It protects you from negative energy.
 b - a ring of positive energy
 k - an amulet of the acrobat
 y - an amulet of guardian spirit (around neck)
 C - a ring of poison resistance
 F - a +4 ring of slaying (left hand)
 N - a +4 ring of protection
 Z - a ring of protection from cold
Wands
 o - a wand of digging (7)
 s - a wand of charming (19)
 G - a wand of flame (21)
 O - a wand of acid (4)
 R - a wand of iceblast (15)
Scrolls
 c - 11 scrolls of identify
 i - 10 scrolls of teleportation
 l - 2 scrolls of blinking
 v - 3 scrolls of fear
 z - 3 scrolls of fog
 E - 4 scrolls of poison
 W - a scroll of magic mapping
Potions
 m - 3 potions of haste
 p - 2 potions of flight
 q - 2 potions of ambrosia
 t - a potion of heal wounds
 u - a potion of resistance
 w - 8 potions of curing
 x - 3 potions of cancellation
 B - a potion of lignification
 D - a potion of berserk rage
 M - a potion of invisibility
 P - 3 potions of might
 T - a potion of attraction
Miscellaneous
 d - a condenser vane (inert)
 j - a phantom mirror
 U - a phial of floods
 Y - a lightning rod (2/4)


   Skills:
 * Level 14.6 Fighting
 + Level 12.8 Axes
 + Level 0.9(8.2) Polearms
 + Level 1.6 Throwing
 + Level 8.1 Armour
 + Level 1.3 Dodging
 * Level 14.4 Shields
 * Level 10.7 Invocations
 * Level 9.6 Evocations


You had 14 spell levels left.
You didn't know any spells.
Your spell library contained the following spells:

 Spells                   Type           Power      Damage    Failure   Level
 Beastly Appendage        Tmut           0%         N/A       100%        1
 Shock                    Conj/Air       0%         1d3       100%        1
 Slow                     Hex            0%         N/A       100%        1
 Cigotuvi's Dreadful Rot  Necr/Pois/Air  0%         N/A       100%        2
 Lesser Beckoning         Tloc           0%         N/A       100%        2
 Sublimation of Blood     Necr           0%         N/A       100%        2
 Wereblood                Tmut           0%         N/A       100%        2
 Confusing Touch          Hex            0%         N/A       100%        3
 Frozen Ramparts          Ice            0%         1d1       100%        3
 Gell's Gravitas          Tloc           0%         N/A       100%        3
 Inner Flame              Hex/Fire       0%         N/A       100%        3
 Spider Form              Tmut/Pois      0%         N/A       100%        3
 Swiftness                Air            0%         N/A       100%        3
 Teleport Other           Tloc           0%         N/A       100%        3
 Vampiric Draining        Necr           0%         2d6       100%        3
 Vhi's Electric Charge    Tloc/Air       0%         N/A       100%        3
 Airstrike                Air            0%         2d(0-16)  100%        4
 Cause Fear               Hex            0%         N/A       100%        4
 Dispel Undead            Necr           0%         3d6       100%        4
 Flame Wave               Conj/Fire      0%         2d4       100%        4
 Ice Form                 Ice/Tmut       0%         N/A       100%        4
 Passage of Golubria      Tloc           0%         N/A       100%        4
 Sticky Flame             Conj/Fire      0%         2d3       100%        4
 Summon Ice Beast         Ice/Summ       0%         N/A       100%        4
 Arcjolt                  Conj/Air       0%         1d10      100%        5
 Fireball                 Conj/Fire      0%         3d3       100%        5
 Freezing Cloud           Conj/Ice/Air   0%         6-21      100%        5
 Iskenderun's Battlesphe  Conj           0%         2d6       100%        5
 Silence                  Hex/Air        0%         N/A       100%        5
 Summon Mana Viper        Hex/Summ       0%         N/A       100%        5
 Conjure Ball Lightning   Conj/Air       0%         3x3d6     100%        6
 Death Channel            Necr           0%         N/A       100%        6
 Dispersal                Tloc           0%         N/A       100%        6
 Simulacrum               Ice/Necr       0%         N/A       100%        6
 Malign Gateway           Summ/Tloc      0%         N/A       100%        7
 Monstrous Menagerie      Summ           0%         N/A       100%        7
 Orb of Destruction       Conj           0%         9d5       100%        7
 Summon Hydra             Summ           0%         N/A       100%        7
 Discord                  Hex            0%         N/A       100%        8
 Lehudib's Crystal Spear  Conj/Erth      0%         10d2      100%        8
 Maxwell's Capacitive Co  Air            0%         ∞         100%        8
 Summon Horrible Things   Summ           0%         N/A       100%        8
 Chain Lightning          Conj/Air       0%         N/A       100%        9
 Fire Storm               Conj/Fire      0%         5d1       100%        9
 Polar Vortex             Ice            0%         N/A       100%        9
 Shatter                  Erth           0%         3d5*      100%        9


Dungeon Overview and Level Annotations

Branches:
Dungeon (15/15)            Temple (1/1) D:7            Lair (5/5) D:9
 Shoals (0/4) Lair:2        Snake (0/4) Lair:2        Slime (0/5) Lair:5
    Orc (2/2) D:10         Vaults (0/5) D:13         Depths (0/4) D:15
 Bailey (visited)
    Elf: Orc:2

Altars:
Ashenzari
Cheibriados
Fedhas
Gozag
Hepliaklqana
Kikubaaqudgha
Makhleb
Nemelex Xobeh
Okawaru
Qazlal
Ru
Sif Muna
Trog
Uskayaw
Vehumet
Wu Jian
Xom
Yredelemnul
Jiyva

Shops:
D:9 *

Portals:
Trove: D:11 (give +4 ice dragon scales)

Annotations:
D:10 1 runed translucent door
D:14 Roxanne
Temple 2 transporters
Orc:1 Saint Roka


Innate Abilities, Weirdness & Mutations

You have a pair of horns on your head.
A meltable icy envelope protects you from harm. (AC +8)
A meltable shield of frost defends you. (SH +4)
Spells you cast and wands you use may paralyse nearby enemies.
You have a sharp stinger which inflicts weakening toxins.


Message History

You closely miss the orc knight. You slice the ogre!! You burn the ogre!
You kill the ogre!
Qazlal accepts your kill. You block Saint Roka's attack.
You block the orc knight's attack.
The orc knight hits you with a +0 long sword.
* * * LOW HITPOINT WARNING * * *
You feel more protected from physical attacks.
Saint Roka hits you with a +2 dire flail of protection!
* * * LOW HITPOINT WARNING * * *
You feel more protected from physical attacks.
Press: ? - help, v - describe, . - travel
Here: Saint Roka, wielding a +2 dire flail of protection and wearing a +1 plate armour of fire resistance (heavily wounded, strong, very poisoned)
The floor.
Unknown command.
A red film seems to cover your vision as you go berserk!
You feel yourself moving faster!
You feel mighty! You block the orc knight's attack.
Saint Roka mumbles some strange prayers to Beogh against you.
Beogh smites you!
* * * LOW HITPOINT WARNING * * *
You slash Saint Roka! You burn Saint Roka. You tail-slap Saint Roka.
Saint Roka looks weaker.
Saint Roka is heavily wounded.
You hit the orc knight. You burn the orc knight. You hit Saint Roka.
You headbutt Saint Roka, but do no damage.
Saint Roka is severely wounded.
You slice the orc knight!! You burn the orc knight!
You kill the orc knight!
Qazlal accepts your kill. You block Saint Roka's attack.
You slash Saint Roka!
Saint Roka is severely wounded.
Saint Roka mumbles some strange prayers to Beogh against you.
Beogh smites you!
* * * LOW HITPOINT WARNING * * *
You completely miss Saint Roka. You tail-slap Saint Roka.
Saint Roka is severely wounded.
Saint Roka hits you with a +2 dire flail of protection!!
You die...

####.........#
#....#.#....####
#....#####.....#
##....####...#####
##.....#...####.#
###.......##..##
#.....#.#.#§..##
####..###....o°##
#####....#@§.##
##<[).##)#☼.##
#..[..####...#
##.....#.....#
#######.[[#.)[..#
###..#.#...).[...##
#.....####.[.[..##
#........#.#[..##
####...#....####.##


You could see Saint Roka (strong, very poisoned, weak).

Vanquished Creatures
  Agnes (D:15)
  An orc warlord (D:10)
  A dire elephant (Lair:3)
  Snorg (D:9)
  3 hydras
  A catoblepas (Lair:5)
  4 centaur warriors
  2 dancing weapons (D:13)
  A boulder beetle (D:11)
  12 death yaks
  A deep troll shaman (Lair:5)
  Urug (D:10)
  3 two-headed ogres (D:9)
  Nergalle (D:10)
  2 skysharks (Lair:4)
  A skeletal warrior (D:12)
  Amaemon (D:8)
  A lindwurm (Lair:5)
  2 deep elf pyromancers (D:10)
  An orc knight (Orc:1)
  3 oklob plants (Lair:5)
  10 ugly things
  2 orc sorcerers
  3 cyclopes
  31 elephants
  2 merfolk sirens (Lair:2)
  Joseph (Lair:1)
  5 black mambas
  2 torpor snails
  An orange demon (D:8)
  3 gargoyles
  9 cane toads
  A rime drake (Lair:4)
  9 komodo dragons
  A kobold demonologist (D:13)
  An efreet (D:10)
  2 ice devils (Lair:3)
  2 merfolk (Lair:2)
  5 trolls
  2 polar bears (Lair:5)
  16 blink frogs
  Prince Ribbit (D:9)
  2 shadows
  A spriggan (Lair:3)
  A vampire (D:12)
  45 yaks
  3 wyverns
  4 basilisks
  8 vampire mosquitoes
  3 steam dragons
  4 nagas (Lair:2)
  3 wargs (Orc:2)
  2 acid dragons
  11 water moccasins
  Duvessa (D:7)
  An ice beast (D:6)
  24 orc warriors
  5 sky beasts
  3 black bears
  6 ogres
  29 wolves
  25 centaurs
  A phantom (D:4)
  A kobold brigand (D:6)
  15 bullfrogs
  3 gnoll sergeants
  2 scorpions (D:5)
  9 wights
  Dowan (D:7)
  7 killer bees
  2 electric eels (D:14)
  5 howler monkeys
  3 jellies
  3 hounds
  11 orc priests
  2 sleepcaps (D:6)
  Crazy Yiuf (D:7)
  6 hell rats (Lair:2)
  15 iguanas
  Ijyb (D:3)
  19 orc wizards
  A centaur simulacrum (D:10)
  18 gnolls
  6 adders
  A shadow imp (D:7)
  3 white imps
  An ufetubus (D:4)
  2 worms (D:3)
  3 dart slugs
  63 orcs
  6 bats
  5 endoplasms
  9 goblins
  6 hobgoblins
  7 jackals
  A quokka (D:2)
  7 ball pythons
  15 frilled lizards
  12 kobolds
  4 rats
  A bush (Lair:5)
612 creatures vanquished.

Vanquished Creatures (collateral kills)
  Nessos (D:15)
  An oklob plant (Lair:5)
  2 gargoyles (D:13)
  A vampire mosquito (D:11)
  An orc priest (Orc:2)
6 creatures vanquished.

Vanquished Creatures (others)
  A bush (Lair:3)
  103 fungi
  96 plants
200 creatures vanquished.

Grand Total: 818 creatures vanquished

Notes
Turn   | Place    | Note
-------+----------+-------------------------------------------
     0 | D:1      | jlumianski the Demonspawn Fighter began the quest for the
                  | Orb.
     0 | D:1      | Reached XP level 1. HP: 18/18 MP: 1/1
   246 | D:2      | Gained mutation: A meltable shield of frost defends you.
                  | (SH +4) [demonic ancestry]
   246 | D:2      | Reached XP level 2. HP: 16/21 MP: 2/2
   698 | D:2      | Gained mutation: Spells you cast may paralyse adjacent
                  | enemies. [demonic ancestry]
   698 | D:2      | Reached XP level 3. HP: 20/29 MP: 3/3
  1595 | D:2      | Gained mutation: A meltable icy envelope protects you from
                  | harm. (AC +8) [demonic ancestry]
  1595 | D:2      | Reached XP level 4. HP: 35/35 MP: 4/4
  1790 | D:3      | Noticed Ijyb
  1836 | D:3      | Killed Ijyb
  2220 | D:3      | Found a radiant altar of Vehumet.
  2234 | D:3      | Found a snail-covered altar of Cheibriados.
  2352 | D:3      | Reached XP level 5. HP: 36/41 MP: 5/5
  2392 | D:3      | Found a basalt altar of Yredelemnul.
  3034 | D:3      | HP: 1/42 [orc priest/nerve-wracking pain (5)]
  3038 | D:3      | Reached skill level 1 in Dodging
  3061 | D:3      | Discovered your monstrous ancestry.
  3061 | D:3      | Gained mutation: You have a small tail. [demonic ancestry]
  3061 | D:3      | Reached XP level 6. HP: 19/48 MP: 3/6
  3473 | D:5      | Entered Level 5 of the Dungeon
  3584 | D:5      | Reached skill level 5 in Shields
  3616 | D:4      | Gained mutation: Spells you cast may paralyse nearby
                  | enemies. [demonic ancestry]
  3616 | D:4      | Reached XP level 7. HP: 54/54 MP: 7/7
  3808 | D:4      | Found an opulent altar of Gozag.
  4193 | D:7      | Noticed Dowan
  4194 | D:7      | Noticed Duvessa
  4195 | D:7      | Noticed a steam dragon
  4413 | D:5      | Found a hazy altar of Hepliaklqana.
  4934 | D:6      | Gained mutation: You have a tail ending in a sharp stinger.
                  | [demonic ancestry]
  4934 | D:6      | Reached XP level 8. HP: 27/61 MP: 4/8
  5355 | D:6      | Reached skill level 5 in Axes
  5679 | D:6      | Reached skill level 5 in Fighting
  5879 | D:7      | Found an ornate altar of the Wu Jian Council.
  6005 | D:8      | Noticed Amaemon
  6005 | D:8      | Noticed an orange demon
  6392 | D:7      | Found a staircase to the Ecumenical Temple.
  6410 | D:7      | Reached skill level 1 in Evocations
  6413 | Temple   | Entered the Ecumenical Temple
  6413 | Temple   | Found a transporter.
  6413 | Temple   | Found a transporter.
  6415 | Temple   | Found a transporter.
  6415 | Temple   | Found a transporter.
  6440 | Temple   | Became a worshipper of Qazlal Stormbringer
  6634 | D:7      | Gained mutation: You have a pair of small horns on your
                  | head. [demonic ancestry]
  6634 | D:7      | Reached XP level 9. HP: 63/68 MP: 6/9
  6807 | D:7      | Killed Dowan
  6833 | D:7      | Killed Duvessa
  7363 | D:7      | Found a runed translucent door.
  7364 | D:7      | Noticed Crazy Yiuf
  7716 | D:7      | Killed Crazy Yiuf
  7795 | D:9      | Found Ibleus's Mass Market.
  7807 | D:9      | Found a flagged portal.
  7815 | Bailey   | Entered a bailey
  7847 | Bailey   | Reached skill level 5 in Armour
  8097 | Bailey   | Reached * piety under Qazlal
  8242 | Bailey   | Reached skill level 1 in Throwing
  8697 | Bailey   | Gained mutation: You have a sharp stinger which inflicts
                  | weakening toxins. [demonic ancestry]
  8697 | Bailey   | Reached XP level 10. HP: 16/77 MP: 2/10
  9629 | D:9      | Noticed Prince Ribbit
  9644 | D:9      | Killed Prince Ribbit
  9944 | D:8      | Killed Amaemon
  9944 | D:8      | Reached ** piety under Qazlal
  9945 | D:8      | Reached skill level 1 in Invocations
  9946 | D:8      | Killed an orange demon
 10409 | D:9      | Noticed a two-headed ogre
 10414 | D:9      | Killed a two-headed ogre
 10542 | D:9      | Reached XP level 11. HP: 86/86 MP: 12/12
 10561 | D:9      | Noticed a two-headed ogre
 10566 | D:9      | Killed a two-headed ogre
 10588 | D:10     | Entered Level 10 of the Dungeon
 10588 | D:10     | Found a staircase to the Orcish Mines.
 10769 | D:9      | Reached skill level 5 in Evocations
 11080 | D:9      | Found a staircase to the Lair.
 11368 | D:10     | Noticed Nergalle
 11531 | D:9      | Got the Lessons on Ouranomancy and Execration
 11820 | D:10     | Killed Nergalle
 11839 | D:10     | Noticed Snorg
 11839 | D:10     | Noticed a two-headed ogre
 11890 | D:9      | Killed Snorg
 11891 | D:9      | Reached skill level 10 in Shields
 12058 | D:9      | Killed a two-headed ogre
 12318 | D:10     | Noticed Urug
 12329 | D:10     | Killed Urug
 12397 | Lair:1   | Entered Level 1 of the Lair of Beasts
 12485 | D:10     | Reached *** piety under Qazlal
 12682 | D:10     | Found a runed translucent door.
 12717 | D:10     | Noticed a deep elf pyromancer
 12723 | D:10     | Killed a deep elf pyromancer
 12729 | D:10     | Reached skill level 5 in Invocations
 12750 | D:10     | Noticed a centaur warrior
 12751 | D:10     | Noticed a deep elf pyromancer
 12752 | D:10     | Noticed an eight-headed hydra
 12758 | D:10     | Killed a centaur warrior
 12759 | D:10     | Reached XP level 12. HP: 71/97 MP: 11/15
 12762 | D:10     | Killed a five-headed hydra
 12957 | D:10     | Identified the +11 rapier "Pumnod" {flame, Fly rPois Will-
                  | Int-5}
 12977 | D:10     | You fall into a shaft and drop 3 floors!
 13082 | D:13     | Reached skill level 10 in Fighting
 13089 | D:13     | HP: 2/97 [+6 long sword (14)]
 13343 | D:13     | Found a gate to the Vaults.
 13865 | D:13     | Noticed a centaur warrior
 13871 | D:13     | Killed a centaur warrior
 13908 | D:15     | Entered Level 15 of the Dungeon
 13919 | D:14     | Reached skill level 10 in Axes
 13922 | D:15     | Noticed Nessos
 13971 | D:15     | Found a staircase to the Depths.
 13971 | D:15     | Noticed a rakshasa
 13977 | D:15     | Noticed Agnes
 13984 | D:15     | Killed Agnes
 13985 | D:15     | Killed Nessos
 14239 | D:14     | Identified Roxanne's Elucidation of Metal
 14239 | D:14     | Noticed Roxanne
 14260 | D:14     | HP: 3/100 [Roxanne/iron shot (31)]
 14502 | D:14     | Noticed a centaur warrior
 14509 | D:14     | Killed a centaur warrior
 14510 | D:14     | Gained mutation: Spells you cast and wands you use may
                  | paralyse nearby enemies. [demonic ancestry]
 14510 | D:14     | Reached XP level 13. HP: 86/106 MP: 14/18
 14525 | D:14     | Reached **** piety under Qazlal
 15478 | D:11     | Found a portal to a secret trove of treasure.
 16009 | Lair:1   | Noticed Joseph
 16018 | Lair:1   | Killed Joseph
 16267 | Lair:1   | Reached ***** piety under Qazlal
 16964 | Lair:2   | Found a staircase to the Shoals.
 17057 | Lair:2   | Found a staircase to the Snake Pit.
 17468 | Lair:2   | Gained mutation: You have a pair of horns on your head.
                  | [demonic ancestry]
 17468 | Lair:2   | Reached XP level 14. HP: 88/116 MP: 14/20
 18361 | Lair:5   | Entered Level 5 of the Lair of Beasts
 18550 | Lair:5   | Reached skill level 10 in Invocations
 18597 | Lair:4   | Reached ****** piety under Qazlal
 19361 | Lair:5   | Found a viscous altar of Jiyva.
 19386 | Lair:5   | Found a staircase to the Slime Pits.
 19852 | Lair:5   | Gained mutation: A meltable icy envelope protects you from
                  | harm. (AC +8) [demonic ancestry]
 19852 | Lair:5   | Reached XP level 15. HP: 124/126 MP: 20/22
 20057 | Lair:5   | Identified the ring "Bofaypp" {rC+ rN+ Str+6 Dex+5}
 20794 | Orc:1    | Entered Level 1 of the Orcish Mines
 21128 | Orc:2    | Entered Level 2 of the Orcish Mines
 21128 | Orc:2    | Noticed Saint Roka
 21152 | Orc:1    | HP: 9/190 [Saint Roka/divine providence (7)]
 21153 | Orc:1    | Mangled by Saint Roka

Illustrated notes

Levels and vault maps discovered:
D:1:      pf_arrival_petrified_forest, layout_basic
D:2:      layout_basic, serial_forest, infiniplex_forest_split,
          infiniplex_forest_straight_2, infiniplex_forest_clump_diagonal,
          infiniplex_forest_zigzag_1, infiniplex_forest_3_way,
          infiniplex_forest_clump_tiny
D:3:      layout_loops_ring, kennysheep_ying_yang,
          mainiacjoe_overflow_big_doors, uniq_ijyb
D:4:      nicolae_cairo_tiling_large_dashed, layout_basic, grunt_gozag_statues
D:5:      layout_cave_pools, lemuel_round_altar, grunt_decor_cap
D:6:      layout_loops_ring, minmay_joined_circles
D:7:      layout_layer_cave, lemuel_doored_altar, temple_fountains,
          uniq_crazy_yiuf_cottage, uniq_duvessa
D:8:      layout_loops_corners, chequers_serial_rivers_micro_b, uniq_amaemon
D:9:      layout_loops_corners, lair_entry_dummy, enter_bailey_2, serial_rivers,
          chequers_serial_rivers_micro_d, chequers_serial_rivers_small_a,
          chequers_serial_rivers_small_b, chequers_serial_rivers_small_b,
          chequers_serial_rivers_small_b, minivault_11, minmay_shop_mass,
          uniq_prince_ribbit1
D:10:     minmay_the_grid_four_pointed_star_mashed
          [minmay_the_grid_triangle_9x9_zippers_horizontal,
          minmay_the_grid_triangle_9x9_subtriangle,
          minmay_the_grid_triangle_9x9_stretched_checkered,
          minmay_the_grid_triangle_9x9_corrupted_corridor,
          minmay_the_grid_prize_shrinking_boxes], layout_long_grid, orc_0_dummy,
          grunt_ministairs_1, uniq_snorg, uniq_nergalle, uniq_urug
D:11:     layout_roguey, trove_entry_hex_spiral
D:12:     layout_loops_cross
D:13:     layout_long_grid, erik_vaults_1
D:14:     layout_roguey, kennysheep_big_empty_room, special_room
          [special_room_mythical_zoo], uniq_jorgrun, uniq_roxanne
D:15:     gammafunk_enter_depths_forms, layout_loops_ring, serial_bayou_pond_e,
          uniq_josephine, uniq_nessos, uniq_agnes
Temple:   hellmonk_temple_divided_pantheon
Lair:1:   lemuel_reptile_caves, layout_cave_shapes, uniq_joseph
Lair:2:   layout_loops_ring, elwin_shoals_entry_stream,
          minmay_snake_entry_guardpost_medium, grunt_forest_large_clearings
Lair:3:   mu_elephants_graveyard, layout_chaotic_city,
          portal_ice_cave_demonic_guard, serial_bayou_shore_b,
          serial_bayou_shore_b, grunt_megastairs_3
Lair:4:   layout_roguey, grunt_forest_small_clearings,
          infiniplex_staircase_pool_2
Lair:5:   grunt_lair_end_beastmaster, layout_misc_corridors,
          minmay_slime_entry_oklob_enclosed
Orc:1:    layout_diamond_mine, trog_butcher_becter
Orc:2:    st_orc_town, layout_caves, uniq_saint_roka

Skill      XL: |  1  2  3  4  5  6  7  8  9 10 11 12 13 14 |
---------------+-------------------------------------------+-----
Shields        | 3 4 5 6 7 9 10 11 13 14 | 14.4
Axes           | 2 3 4 6 7 8 9 10 11 12 | 12.8
Armour         | 3 4 5 6 7 8 |  8.1
Dodging        | 1 |  1.3
Fighting       | 4 5 6 8 9 11 12 14 | 14.6
Evocations     | 1 3 4 6 7 8 9 |  9.6
Throwing       | 1 |  1.6
Invocations    | 2 5 7 8 10 | 10.7
Polearms       | |  0.9

Action                     |  1- 3 |  4- 6 |  7- 9 | 10-12 | 13-15 || total
---------------------------+-------+-------+-------+-------+-------++-------
  Melee: War axe           |    91 |   240 |   279 |   219 |       ||   829
         Tailslap          |       |     8 |    54 |    75 |   105 ||   242
         Spear             |       |       |    48 |    20 |       ||    68
         Headbutt          |       |       |    35 |    87 |   147 ||   269
         Broad axe         |       |       |       |   159 |   553 ||   712
  Throw: Javelin           |     2 |       |     3 |     8 |     4 ||    17
         Dart              |       |       |     7 |       |       ||     7
 Invoke: Elemental Force   |       |       |       |     2 |     3 ||     5
         Upheaval          |       |       |       |       |     4 ||     4
  Evoke: Wand              |       |       |     5 |     1 |       ||     6
         Lightning rod     |       |       |       |     4 |     3 ||     7
         Phantom mirror    |       |       |       |     1 |       ||     1
         Condenser vane    |       |       |       |       |     1 ||     1
    Use: Scroll            |     4 |     6 |     7 |    12 |     3 ||    32
         Potion            |     1 |     3 |       |     5 |     1 ||    10
   Stab: Paralysed         |       |       |       |     6 |     2 ||     8
         Confused          |       |       |       |     1 |    11 ||    12
 Armour: Scale mail        |    46 |   125 |    17 |       |       ||   188
         Skin              |       |    21 |       |       |       ||    21
         Plate armour      |       |       |   150 |       |       ||   150
         Crystal plate arm |       |       |   127 |   318 |   356 ||   801
  Dodge: Dodged            |    30 |    57 |    61 |    13 |    21 ||   182
         Repelled          |       |       |       |       |     1 ||     1
  Block: Buckler           |     8 |       |    93 |       |       ||   101
         Tower shield      |   104 |   243 |   202 |   596 |   872 ||  2017

Table legend: (Time is in decaauts)
 A = Elapsed time spent in this place.
 B = Non-inter-level travel time spent in this place.
 C = Inter-level travel time spent in this place.
 D = Time resting spent in this place.
 E = Time spent auto-exploring this place.
 F = Levels seen in this place.
 G = Mean time per level.
                   A        B        C        D        E       F      G
               +--------+--------+--------+--------+--------+-----+--------+
         Total |  21910 |  20991 |    919 |   2448 |  11599 |  24 |  912.9 |
       Dungeon |  15019 |  14467 |    552 |   1605 |   8454 |  15 | 1001.3 |
        Temple |     46 |     46 |      0 |      0 |      0 |   1 |   46.0 |
          Lair |   4929 |   4564 |    365 |    285 |   2794 |   5 |  985.8 |
  Orcish Mines |    255 |    255 |      0 |      0 |    107 |   2 |  127.5 |
        Bailey |   1659 |   1659 |      0 |    558 |    243 |   1 | 1659.0 |
               +--------+--------+--------+--------+--------+-----+--------+

Top non-repeatable levels by time:
     D:9: 1712 daAuts
  Bailey: 1659 daAuts
     D:3: 1612 daAuts
  Lair:5: 1485 daAuts
    D:10: 1456 daAuts
     D:7: 1440 daAuts
     D:6: 1427 daAuts
     D:8: 1166 daAuts
  Lair:3: 935 daAuts
     D:4: 910 daAuts
  Lair:2: 896 daAuts
    D:11: 892 daAuts
     D:1: 870 daAuts
     D:2: 863 daAuts
    D:14: 859 daAuts
